 Dungeon Crawl Stone Soup version 0.14-a0-1876-g927fc3a (webtiles) character file.

3092 Kae the Martial Artist (level 9, -12/64 HPs)
             Began as a Grey Draconian Transmuter on Jan 15, 2014.
             Was a Follower of Sif Muna.
             Killed from afar by a killer bee (18 damage)
             ... with an exploding inner flame
             ... on Level 8 of the Dungeon.
             The game lasted 00:18:58 (10375 turns).

Kae the Martial Artist (Grey Draconian Transmuter) Turns: 10375, Time: 00:18:59

HP -12/64        AC 16     Str 13      XL: 9   Next: 40%
MP  14/14        EV 12     Int 18      God: Sif Muna [*.....]
Gold 361         SH  0     Dex 15      Spells:  4 memorised,  5 levels left

rFire  . . .     SeeInvis .       - Unarmed
rCold  . . .     Clarity  .     (armour unavailable)
rNeg   . . .     Conserve .     (no shield)
rPois  .         rCorr    .     (helmet restricted)
rElec  .         rRot     .     E - +0 cloak
SustAb . .       Spirit   .     g - +0 pair of gloves (curse)
rMut   .         Warding  .     (boots unavailable)
Saprov . . .     Stasis   .     (no amulet)
MR     .....                    u - +5 ring of intelligence
                                h - +2 ring of protection

@: appendage (expiring), mildly poisoned, not resistant to hostile enchantments,
unstealthy
A: walk through water, unfitting armour, talons 3, unbreathing, AC +12
a: End Transformation, Channel Energy, Renounce Religion


You were on level 8 of the Dungeon.
You worshipped Sif Muna.
Sif Muna was aware of your devotion.
You were hungry.
You had grown temporary talons.
You visited 2 branches of the dungeon, and saw 9 of its levels.
You also visited: Ossuary.

You collected 361 gold pieces.

Inventory:

Missiles
 b - 136 arrows
 r - 8 tomahawks (quivered)
 A - 12 poisoned arrows
Armour
 g - a cursed +0 pair of gloves (worn)
 E - a +0 cloak (worn)
Magical devices
 n - a wand of teleportation (4) {unknown}
 t - a wand of draining (3) {unknown}
 x - a wand of fire (7) {unknown}
 D - a wand of paralysis (8) {unknown}
Comestibles
 a - 4 bread rations
 k - 5 meat rations
 l - an apple
 p - 7 grapes
 s - 5 sultanas
Scrolls
 i - 3 scrolls of identify
 j - 3 scrolls of magic mapping
 w - 2 scrolls of blinking
 H - a scroll of enchant weapon I {unknown}
Jewellery
 h - a +2 ring of protection (left hand)
 u - a +5 ring of intelligence (right hand)
 y - an uncursed ring of poison resistance
Potions
 c - a potion of paralysis
 e - 2 potions of lignification
 f - a potion of resistance
 m - 2 potions of speed
 v - 2 potions of agility
 z - 2 potions of restore abilities {unknown}
 C - 2 potions of poison {unknown}
 F - a potion of mutation {unknown}
 G - a potion of curing
 I - a potion of brilliance {unknown}
Books
 d - a book of Changes

   Spells                             Type                      Level
   *Beastly Appendage                 Transmutation                1
   *Sticks to Snakes                  Transmutation                2
   *Spider Form                       Transmutation/Poison         3
   Ice Form                           Ice/Transmutation            4
   Blade Hands                        Transmutation                5
 q - a book of Conjurations

   Spells                             Type                      Level
   *Magic Dart                        Conjuration                  1
   Searing Ray                        Conjuration                  2
   Dazzling Spray                     Conjuration/Hexes            3
   Iskenderun's Mystic Blast          Conjuration                  4
   Iskenderun's Battlesphere          Conjuration/Charms           4
   Fulminant Prism                    Conjuration/Hexes            5


   Skills:
 - Level 1.1 Fighting
 - Level 1.7 Dodging
 * Level 11.0 Unarmed Combat
 - Level 2.0 Spellcasting
 + Level 7.6 Transmutations


You had 5 spell levels left.
You knew the following spells:

 Your Spells              Type           Power        Failure   Level  Hunger
a - Beastly Appendage     Trmt           ####..       1%          1    #......
b - Sticks to Snakes      Trmt           ####......   1%          2    ##.....
c - Magic Dart            Conj           #...         17%         1    #......
d - Spider Form           Trmt/Pois      ###.......   14%         3    ####...


Dungeon Overview and Level Annotations

Branches:
Dungeon (8/16)             Temple (1/1) D:6
   Lair: D:8-11

Altars:
Ashenzari
Cheibriados
Elyvilon
Fedhas
Kikubaaqudgha
Makhleb
Nemelex Xobeh
Okawaru
Sif Muna
Trog
Vehumet
Xom
Yredelemnul
Zin
the Shining One

Annotations:
D:4 lauthentik's ghost, average DDNe
D:7 exclusion: 3 killer bees


Innate Abilities, Weirdness & Mutations

You can walk through water.
Your dull iron-grey scales are very hard (AC +12).*
Your body does not fit into most forms of armour.
Your cold-blooded metabolism reacts poorly to cold.
You can survive without breathing.*
You have claws for feet.*


Message History

The killer bee explodes!
The fiery explosion engulfs the killer bee.
The killer bee explodes!
The fiery explosion engulfs the gnoll.
The gnoll explodes!
The fiery explosion engulfs the killer bee.
The killer bee explodes!
The fiery explosion engulfs you!
The fiery explosion engulfs the killer bee.
The killer bee explodes!
The fiery explosion engulfs the killer bee.
The fiery explosion engulfs the gnoll.
The gnoll explodes!
The fiery explosion engulfs the killer bee.
The killer bee explodes!
The fiery explosion engulfs you!
* * * LOW HITPOINT WARNING * * *
The fiery explosion engulfs you!
One of your 4 scrolls of identify catches fire!
You die...

f.......f.....# #..# #
...........%...# #..# #
................# #..# #
................# #..# #
................# #..# #
.............§§§.# #..# #
.............§§§.# #..# #
..$........§§§§§§######..#######
..........§§§§@§%..............
..........§§§§§................
###################).########..
#..# #.. #..# #..
#####################..########..
.................................
............................(....
######..####..#####..####..####..


There were no monsters in sight!

Vanquished Creatures
  A wraith (D:7)
  A phantom (D:5)
  2 ice beasts (D:7)
  2 centaurs
  2 ogres
  A giant frog (D:6)
  A manticore zombie (D:7)
  A gnoll sergeant (D:8)
  A water moccasin (D:7)
  6 killer bees (D:7)
  A yak skeleton (D:7)
  A centaur zombie (D:7)
  4 crimson imps
  A giant frog zombie (D:5)
  4 hounds
  3 worker ants
  3 orc wizards
  A black bear skeleton (D:8)
  3 scorpions
  5 iguanas
  7 big kobold zombies (Ossuary)
  A hound zombie (D:5)
  A mummy (Ossuary)
  10 gnolls
  9 adders
  A giant mite (D:4)
  6 worms
  2 giant eyeballs (D:7)
  An ooze (D:4)
  17 orcs
  3 spectral bats (Ossuary)
  11 bats
  4 bat simulacra (Ossuary)
  6 giant cockroaches
  10 goblins
  11 hobgoblins
  4 quokkas
  10 giant geckos
  12 giant newts
  2 giant spores
  5 gnoll zombies (Ossuary)
  3 goblin simulacra (Ossuary)
  8 goblin zombies (Ossuary)
  4 hobgoblin zombies
  15 jackals
  14 kobolds
  5 kobold simulacra (Ossuary)
  2 kobold zombies
  An orc skeleton (D:6)
  6 orc zombies (Ossuary)
  16 rats
  A rat simulacrum (Ossuary)
  A rat skeleton (D:4)
  3 spectral goblins (Ossuary)
  5 spectral kobolds (Ossuary)
  3 spectral rats (Ossuary)
  3 ballistomycetes
267 creatures vanquished.

Vanquished Creatures (others)
  A killer bee (D:8)
  2 gnolls (D:8)
3 creatures vanquished.

Grand Total: 270 creatures vanquished

Notes
Turn   | Place    | Note
--------------------------------------------------------------
     0 | D:1      | Kae, the Draconian Transmuter, began the quest for the Orb.
     0 | D:1      | Reached XP level 1. HP: 16/16 MP: 3/3
   323 | D:1      | Reached XP level 2. HP: 23/23 MP: 4/4
  1126 | D:2      | Reached XP level 3. HP: 15/28 MP: 6/6
  1781 | D:2      | Reached skill level 4 in Unarmed Combat
  2115 | D:3      | Reached XP level 4. HP: 15/35 MP: 5/7
  3002 | D:4      | Reached XP level 5. HP: 24/40 MP: 9/9
  3139 | D:4      | Found a burning altar of Makhleb.
  3173 | D:4      | Reached skill level 5 in Unarmed Combat
  3506 | D:4      | Noticed lauthentik's ghost (average DDNe)
  3804 | D:4      | Paralysed by a giant eyeball for 3 turns
  3812 | D:4      | Paralysed by a giant eyeball for 4 turns
  3818 | D:4      | Paralysed by a giant eyeball for 3 turns
  4281 | D:5      | Entered Level 5 of the Dungeon
  4325 | D:5      | Noticed an ogre
  4335 | D:5      | Learned a level 2 spell: Sticks to Snakes
  4337 | D:5      | Learned a level 1 spell: Magic Dart
  4341 | D:5      | Learned a level 3 spell: Spider Form
  4361 | D:5      | Killed an ogre
  4361 | D:5      | Reached XP level 6. HP: 37/47 MP: 6/10
  4443 | D:5      | Reached skill level 6 in Unarmed Combat
  5190 | D:5      | Noticed a phantom
  5231 | D:5      | Killed a phantom
  5231 | D:5      | Your scales start taking on a dull iron-grey colour.
  5231 | D:5      | Gained mutation: You can survive without breathing. [draconian maturity]
  5231 | D:5      | Reached XP level 7. HP: 15/52 MP: 12/12
  5772 | D:6      | Reached skill level 5 in Transmutations
  5775 | D:6      | Reached skill level 7 in Unarmed Combat
  5998 | D:6      | Found a staircase to the Ecumenical Temple.
  6009 | Temple   | Entered the Ecumenical Temple
  6272 | Temple   | Became a worshipper of Sif Muna the Loreminder
  6567 | D:6      | Reached skill level 8 in Unarmed Combat
  6567 | D:6      | Reached XP level 8. HP: 45/59 MP: 13/13
  7443 | D:7      | Paralysed by a giant eyeball for 3 turns
  7564 | D:7      | Reached skill level 9 in Unarmed Combat
  8258 | D:7      | HP: 2/59 [killer bee (2)]
  8271 | D:7      | Acquired Sif Muna's first power
  8271 | D:7      | Reached skill level 10 in Unarmed Combat
  8554 | D:7      | Reached XP level 9. HP: 58/64 MP: 14/14
  9490 | D:8      | Found a sand-covered staircase.
  9594 | Ossuary  | Entered an ossuary
 10337 | D:8      | Reached skill level 11 in Unarmed Combat
 10375 | D:8      | Killed from afar by a killer bee

Action                   |  1- 3 |  4- 6 |  7- 9 || total
-------------------------+-------+-------+-------++-------
Melee: Unarmed           |   200 |   283 |   586 ||  1069
Throw: Tomahawk          |       |       |     1 ||     1
 Cast: Beastly Appendage |    10 |    30 |    45 ||    85
       Spider Form       |       |     1 |     4 ||     5
       Magic Dart        |       |       |     2 ||     2
  Use: Scroll            |       |       |    14 ||    14
       Potion            |       |       |     7 ||     7
 Stab: Sleeping          |     1 |     1 |     1 ||     3
